 Dungeon Crawl Stone Soup version 0.27-a0-46-g34d46f0a3f (webtiles) character file.

Game seed: 9687563267456821418

28408 Kardazar the Geomancer (level 13, -7/79 HPs)
             Began as a Gargoyle Earth Elementalist on Jan 6, 2021.
             Was an Elder of Vehumet.
             Killed from afar by Frances (34 damage)
             ... with an iron shot
             ... on level 12 of the Dungeon.
             The game lasted 00:35:56 (16857 turns).

Kardazar the Geomancer (GrEE)                      Turns: 16857, Time: 00:35:57

Health: -7/79      AC: 22    Str: 19    XL:     13   Next: 38%
Magic:  25/25      EV: 15    Int: 18    God:    Vehumet [****..]
Gold:   925        SH:  0    Dex: 12    Spells: 20/29 levels left

rFire    + . .     SeeInvis .   y - +6 trident "Impbane" {vorpal, +Fly Dex+2}
rCold    + . .     Faith    .   (no shield)
rNeg     + . .     Spirit   .   C - +4 leather armour "Inuagarowk" {rCorr Slay+6 Stlth+}
rPois    ∞         Reflect  .   k - +2 hat {Will+}
rElec    +         Harm     .   w - scarf {rC+ rF+}
rCorr    +         Rampage  .   g - +2 pair of gloves
Will     +....                  (no boots)
Stlth    +++.......             l - amulet of magic regeneration
HPRegen  0.23/turn              p - +6 ring of strength
MPRegen  0.44/turn              (no ring)

@: studying Maces & Flails
A: claws 1, talons 1, dopey 1, negative energy resistance 1, electricity
resistance, unbreathing, petrification resistance, miasma immunity, AC +9
a: Renounce Religion, Evoke Flight


You were on level 12 of the Dungeon.
You worshipped Vehumet.
Vehumet was greatly pleased with you.
You visited 2 branches of the dungeon, and saw 13 of its levels.

You collected 925 gold pieces.

Inventory:

Hand Weapons
 y - the +6 trident "Impbane" (weapon) {vorpal, +Fly Dex+2}
   (You found it on level 6 of the Dungeon)

   It inflicts extra damage upon your enemies.
   It affects your dexterity (+2).
   It lets you fly.
 E - a +3 demon whip of electrocution
 I - the +5 great mace of Woe {vamp, SInv}
   (You took it off a two-headed ogre on level 12 of the Dungeon)

   It inflicts no extra harm, but heals its wielder when it wounds a living foe.
   It lets you see invisible.
Missiles
 b - 387 stones (quivered)
 n - 3 throwing nets
Armour
 g - a +2 pair of gloves (worn)
 k - a +2 hat of willpower (worn)
 w - a scarf of resistance (worn)
 C - the +4 leather armour "Inuagarowk" (worn) {rCorr Slay+6 Stlth+}
   (You found it on level 8 of the Dungeon)

   It affects your accuracy and damage with ranged weapons and melee attacks
   (+6).
   It provides partial protection from all sources of acid and corrosion.
   It makes you more stealthy.
Magical Staves
 i - an uncursed staff of cold
Jewellery
 l - an amulet of magic regeneration (around neck)
 p - a +6 ring of strength (left hand)
Wands
 e - a wand of iceblast (16)
 m - a wand of digging (5)
 q - a wand of acid (5)
 t - a wand of paralysis (17)
 v - a wand of disintegration (4)
 F - a wand of polymorph (6)
 H - a wand of flame (23)
Scrolls
 a - 5 scrolls of teleportation
 c - a scroll of magic mapping
 f - 7 scrolls of identify
 j - 3 scrolls of remove curse
 s - 3 scrolls of fog
Potions
 d - 4 potions of flight
 r - 2 potions of lignification
 u - a potion of brilliance
 z - a potion of mutation
 B - 2 potions of invisibility
 G - a potion of cancellation
Books
 A - a manual of Maces & Flails


   Skills:
 + Level 8.5 Fighting
 + Level 10.7 Maces & Flails
 - Level 6.0 Armour
 + Level 6.6 Dodging
 - Level 2.1 Stealth
 + Level 8.6 Spellcasting
 + Level 9.6 Conjurations
 - Level 0.7 Transmutations
 + Level 11.3 Earth Magic
 + Level 6.9 Evocations


You had 20 spell levels left.
You knew the following spells:

 Your Spells              Type           Power        Failure   Level
a - Sandblast             Erth           96%          1%          1
b - Stone Arrow           Conj/Erth      90%          1%          3
c - Lee's Rapid Deconstr  Erth           24%          1%          5

Your spell library contained the following spells:

 Spells                   Type           Power        Failure   Level
 Sticky Flame             Conj/Fire      25%          4%          4
 Magic Dart               Conj           100%         1%          1
 Passwall                 Tmut/Erth      24%          1%          2
 Conjure Flame            Conj/Fire      25%          1%          3
 Mephitic Cloud           Conj/Pois/Air  19%          2%          3
 Ignite Poison            Fire/Tmut/Pois 8%           8%          3
 Sting                    Tmut/Pois      36%          9%          1
 Inner Flame              Hex/Fire       7%           9%          3
 Petrify                  Tmut/Erth      29%          9%          4
 Leda's Liquefaction      Hex/Erth       14%          10%         4
 Animate Skeleton         Necr           14%          11%         1
 Apportation              Tloc           14%          11%         1
 Corona                   Hex            7%           11%         1
 Summon Small Mammal      Summ           28%          11%         1
 Blink                    Tloc           N/A          16%         2
 Call Imp                 Summ           7%           16%         2
 Poisonous Vapours        Pois/Air       14%          16%         2
 Slow                     Hex            7%           16%         2
 Olgreb's Toxic Radiance  Pois           7%           26%         4
 Portal Projectile        Hex/Tloc       14%          32%         3
 Cause Fear               Hex            3%           71%         4


Dungeon Overview and Level Annotations

Branches:
Dungeon (12/15)            Temple (1/1) D:7            Lair (0/6) D:11
    Orc (0/2) D:12

Altars:
Ashenzari
Cheibriados
Dithmenos
Elyvilon
Fedhas
Gozag
Hepliaklqana
Kikubaaqudgha
Makhleb
Nemelex Xobeh
Okawaru
Qazlal
Ru
Sif Muna
Trog
Uskayaw
Vehumet
Wu Jian
Xom
Yredelemnul
Zin
The Shining One

Shops:
D:12 }

Annotations:
D:8 2 transporters, kutty's ghost, novice DsBe
D:10 2 transporters, Conn's ghost, novice OpFE
D:12 Frances


Innate Abilities, Weirdness & Mutations

You are resistant to torment.
Your stone body is resilient. (AC +9)
You are immune to poison.
You resist negative energy. (rN+)
You are resistant to electric shocks. (rElec)
You can survive without breathing.
You are immune to petrification.
You are immune to miasma.
You have sharp fingernails.
You have sharp toenails.
You are dopey. (Int -2)


Message History

The soul eater draws from the surrounding life force!
Frances screams a word of power!
Frances whispers indecipherable words.
The shard of ice hits you!!! You partially resist.
Fire/throw which item? (* to show all) (? for menu, Esc to quit)
Throw: 4 throwing nets
Press: ? - help, Shift-Dir - straight line, f/p - Frances
Aim: Frances, wielding a +0 dire flail and wearing a +0 chain mail (fast)
You throw a throwing net. The throwing net hits Frances.
Frances is caught in the net!
Frances struggles against the net.
Frances mutters in a terrible tongue.
The iron shot hits you!
Frances struggles against the net.
Unknown command.
Frances struggles against the net. x2
Frances struggles against the net.
The net rips apart, and Frances comes free!
There is a stone staircase leading up here.
Frances whispers indecipherable words.
The iron shot hits you!!
You die...

#.....##©.))))#........#...
#.....##..##.)#©.......#...
#.....##.#..#.#3##.....#...
#.....##.#..#.#@#..##'#####
#.....##..##..#.#..##.##...
#.....##.....©#.#..#8.8#...
#.....#########.#..##.##...
#.....#.......@.#.###.##...
#.###.#...@.....#..#8.8#...
#.###.#......:..'..##.##...
#.....###########..##.#####
#..................#8.8#...
#.###.....###########.#####
#.# #.....##8##8##8##.##8##
#.# #.....'..........[.....
#.# #...####8##8##8##.##8##
#.# #....†#### ######.#####


You could see Frances (fast).

Vanquished Creatures
  Gastronok (D:12)
  Snorg (D:11)
  Josephine (D:11)
  Erolcha (D:11)
  A boulder beetle (D:11)
  A centaur warrior (D:10)
  8 two-headed ogres
  Sonja (D:11)
  4 skeletal warriors (D:11)
  A wizard (D:10)
  The ghost of dleb1993 the Thaumaturge, a novice FeIE of Zin (D:12)
  A manticore (D:12)
  A cyclops (D:12)
  An elephant (D:11)
  Maurice (D:11)
  The ghost of Sickboy the Slasher, a novice MiFi (D:7)
  A gargoyle (D:10)
  A komodo dragon (D:11)
  The ghost of mokwee the Covered, an amateur MiFi (D:4)
  A hornet (D:10)
  Prince Ribbit (D:6)
  Grinder (D:3)
  A troll (D:12)
  4 wyverns
  2 basilisks (D:11)
  5 yaks (D:12)
  3 wraiths (D:11)
  11 vampire mosquitoes
  A soldier ant (D:12)
  3 water moccasins
  6 orc warriors
  3 ice beasts
  6 sky beasts
  2 phantoms
  9 ogres
  A necrophage (D:10)
  8 centaurs
  A gnoll sergeant (D:7)
  3 bullfrogs
  A wyvern zombie (D:7)
  A wyvern skeleton (D:7)
  3 scorpions
  22 killer bees
  19 wights
  2 electric eels (D:7)
  4 howler monkeys
  A crimson imp (D:10)
  8 hounds
  A bullfrog zombie (D:9)
  A centaur zombie (D:11)
  5 jellies
  6 orc priests
  5 bullfrog skeletons
  10 orc wizards
  A centaur skeleton (D:9)
  4 iguanas
  8 worker ants
  2 hound skeletons
  Robin (D:3)
  22 gnolls
  16 adders
  2 howler monkey skeletons
  3 shadow imps
  3 white imps
  3 ufetubi
  3 oozes
  3 adder skeletons
  6 worms
  A dart slug (D:2)
  8 leopard geckos
  21 orcs
  2 giant cockroaches
  9 goblins
  13 hobgoblins
  10 jackals
  4 quokkas
  7 ball pythons
  9 bats
  11 frilled lizards
  4 kobolds
  A quokka skeleton (D:8)
  A quokka zombie (D:7)
  5 rats
373 creatures vanquished.

Vanquished Creatures (others)
  A sky beast (D:12)
  2 fungi (D:11)
  7 plants
10 creatures vanquished.

Grand Total: 383 creatures vanquished

Notes
Turn   | Place    | Note
-------+----------+-------------------------------------------
     0 | D:1      | Kardazar the Gargoyle Earth Elementalist began the quest
                  | for the Orb.
     0 | D:1      | Reached XP level 1. HP: 10/10 MP: 3/3
   148 | D:1      | You fall into a shaft and drop 1 floor!
   156 | D:1      | Reached XP level 2. HP: 11/15 MP: 1/5
   332 | D:1      | Reached skill level 4 in Earth Magic
   911 | D:1      | Reached XP level 3. HP: 15/19 MP: 5/7
   916 | D:1      | Learned a level 3 spell: Stone Arrow
  1010 | D:1      | Reached skill level 1 in Conjurations
  1013 | D:1      | Reached XP level 4. HP: 12/24 MP: 0/8
  1272 | D:2      | Found a basalt altar of Yredelemnul.
  1542 | D:2      | Reached skill level 5 in Earth Magic
  2131 | D:2      | Reached XP level 5. HP: 28/28 MP: 9/9
  2137 | D:2      | Learned a level 5 spell: Lee's Rapid Deconstruction
  2789 | D:3      | Noticed Grinder
  2796 | D:3      | Paralysed by Grinder for 6 turns
  2807 | D:3      | Noticed Robin
  2810 | D:3      | Killed Grinder
  2811 | D:3      | Reached XP level 6. HP: 21/32 MP: 5/12
  2831 | D:3      | Reached skill level 6 in Earth Magic
  2833 | D:3      | Killed Robin
  3221 | D:4      | Reached XP level 7. HP: 34/36 MP: 5/13
  3811 | D:4      | Found a shimmering altar of Xom.
  3955 | D:4      | Found a transporter.
  3968 | D:4      | Noticed mokwee's ghost (amateur MiFi)
  4016 | D:4      | Found a transporter.
  4209 | D:5      | Entered Level 5 of the Dungeon
  4544 | D:5      | Reached skill level 1 in Fighting
  4544 | D:5      | Reached skill level 1 in Maces & Flails
  4544 | D:5      | Reached skill level 1 in Armour
  4544 | D:5      | Reached skill level 7 in Earth Magic
  4544 | D:5      | Reached XP level 8. HP: 14/43 MP: 8/15
  4973 | D:5      | Reached skill level 1 in Evocations
  5050 | D:5      | Reached skill level 5 in Spellcasting
  5495 | D:4      | Killed mokwee's ghost
  6070 | D:6      | Reached skill level 5 in Conjurations
  6258 | D:6      | Got a twisted trident
  6261 | D:6      | Identified the +6 trident "Impbane" {vorpal, +Fly Dex+2}
                  | (You found it on level 6 of the Dungeon)
  6308 | D:6      | Reached XP level 9. HP: 49/49 MP: 17/17
  6339 | D:6      | Noticed Prince Ribbit
  6374 | D:6      | Gained mutation: You have sharp toenails. [potion of
                  | mutation]
  6374 | D:6      | Gained mutation: You evolve. [potion of mutation]
  6374 | D:6      | Gained mutation: You are agile. (Dex +2) [potion of
                  | mutation]
  6374 | D:6      | Gained mutation: You have sharp fingernails. [potion of
                  | mutation]
  6573 | D:6      | Killed Prince Ribbit
  6824 | D:6      | Found a hazy altar of Hepliaklqana.
  6939 | D:7      | Reached skill level 8 in Earth Magic
  7631 | D:7      | Found a glowing golden altar of the Shining One.
  7910 | D:7      | Found a staircase to the Ecumenical Temple.
  7925 | Temple   | Entered the Ecumenical Temple
  8144 | Temple   | Became a worshipper of Vehumet
  8304 | D:7      | Found an ancient bone altar of Kikubaaqudgha.
  8404 | D:7      | Found a runed translucent door.
  8404 | D:7      | Noticed Sickboy's ghost (novice MiFi)
  8429 | D:7      | Killed Sickboy's ghost
  8430 | D:7      | Reached skill level 5 in Maces & Flails
  8430 | D:7      | Reached XP level 10. HP: 42/57 MP: 19/19
  8725 | D:8      | Found a bloodstained altar of Trog.
  8828 | D:8      | Noticed kutty's ghost (novice DsBe)
  9479 | D:8      | Got a shimmering leather armour
  9489 | D:8      | Identified the +4 leather armour "Inuagarowk" {rCorr Slay+6
                  | Stlth+} (You found it on level 8 of the Dungeon)
  9546 | D:8      | Found a transporter.
  9547 | D:8      | Noticed a centaur warrior
  9662 | D:8      | Found a transporter.
  9967 | D:9      | Found a glowing silver altar of Zin.
  9995 | D:9      | Noticed a two-headed ogre
 10002 | D:9      | Killed a two-headed ogre
 10118 | D:9      | Reached * piety under Vehumet
 10118 | D:9      | Offered knowledge of Shock by Vehumet.
 10133 | D:9      | Lost mutation: You are agile. (Dex +2) [evolution]
 10144 | D:9      | Reached skill level 5 in Fighting
 10164 | D:9      | Reached skill level 9 in Earth Magic
 10183 | D:9      | Reached skill level 5 in Armour
 10202 | D:9      | Found an opulent altar of Gozag.
 10217 | D:9      | Found a broken altar of Ashenzari.
 10693 | D:10     | Entered Level 10 of the Dungeon
 10745 | D:10     | Found a transporter.
 10751 | D:10     | Noticed Conn's ghost (novice OpFE)
 10903 | D:10     | Noticed a gargoyle
 10909 | D:10     | Killed a gargoyle
 10910 | D:10     | Reached XP level 11. HP: 64/64 MP: 5/21
 10985 | D:10     | Noticed a moth of wrath
 11009 | D:10     | Noticed a centaur warrior
 11020 | D:10     | Killed a centaur warrior
 11034 | D:10     | Noticed a wizard
 11048 | D:10     | Killed a wizard
 11242 | D:10     | Reached ** piety under Vehumet
 11253 | D:10     | Offered knowledge of Searing Ray by Vehumet.
 11326 | D:10     | Identified a scroll of acquirement
 11326 | D:10     | Acquired a +2 demon whip of electrocution
 11354 | D:10     | Noticed a two-headed ogre
 11361 | D:10     | Killed a two-headed ogre
 11452 | D:10     | Found a transporter.
 11770 | D:11     | Noticed Maurice
 11780 | D:11     | Killed Maurice
 11789 | D:11     | Reached skill level 5 in Evocations
 12036 | D:11     | Noticed a skeletal warrior
 12038 | D:11     | Noticed a skeletal warrior
 12042 | D:11     | Killed a skeletal warrior
 12044 | D:11     | Noticed a skeletal warrior
 12051 | D:11     | Killed a skeletal warrior
 12052 | D:11     | Reached skill level 5 in Dodging
 12291 | D:11     | Noticed a boulder beetle
 12304 | D:11     | Killed a boulder beetle
 12305 | D:11     | Reached skill level 10 in Earth Magic
 12416 | D:11     | Noticed Snorg
 12425 | D:11     | Noticed a two-headed ogre
 12428 | D:11     | HP: 3/66 [Snorg (7)]
 12452 | D:11     | Offered knowledge of Dazzling Flash by Vehumet.
 12453 | D:11     | Killed Snorg
 12454 | D:11     | Reached XP level 12. HP: 22/71 MP: 4/23
 12546 | D:11     | Killed a two-headed ogre
 12764 | D:11     | Noticed Sonja
 12776 | D:11     | Killed Sonja
 12957 | D:11     | Found a staircase to the Lair.
 13001 | D:11     | Reached *** piety under Vehumet
 13233 | D:11     | Noticed Josephine
 13258 | D:11     | Killed Josephine
 13262 | D:11     | Noticed Erolcha
 13740 | D:11     | Found a glowing golden altar of the Shining One.
 13932 | D:11     | Found a staircase to the Lair.
 14000 | D:11     | Killed Erolcha
 14024 | D:11     | Found a glowing golden altar of the Shining One.
 14510 | D:12     | Found Foffygis's Gadget Shop.
 14888 | D:12     | Noticed Gastronok
 14932 | D:12     | Offered knowledge of Frozen Ramparts by Vehumet.
 15164 | D:12     | Found a shimmering blue altar of Sif Muna.
 15453 | D:12     | Identified Sif Muna's Compendium of the Escort
 15571 | D:12     | Found a transporter.
 15573 | D:12     | Noticed dleb1993's ghost (novice FeIE)
 15574 | D:12     | Noticed a two-headed ogre
 15575 | D:12     | Identified the +3 dire flail of the Sky {distort, Fragile
                  | rPois Str+8}
 15575 | D:12     | Identified the +5 great mace of Woe {vamp, SInv}
 15575 | D:12     | Noticed a two-headed ogre
 15576 | D:12     | Noticed a two-headed ogre
 15576 | D:12     | Noticed a two-headed ogre
 15577 | D:12     | Found a transporter.
 15577 | D:12     | Noticed a two-headed ogre
 15652 | D:12     | Killed dleb1993's ghost
 15652 | D:12     | Killed a two-headed ogre
 15653 | D:12     | Reached skill level 10 in Maces & Flails
 15653 | D:12     | Reached skill level 11 in Earth Magic
 15653 | D:12     | Reached XP level 13. HP: 78/78 MP: 18/25
 15970 | D:12     | Gained mutation: You are dopey. (Int -2) [evolution]
 15970 | D:12     | Lost mutation: You evolve. [end of evolution]
 16037 | D:12     | Reached **** piety under Vehumet
 16045 | D:12     | Noticed Frances
 16084 | D:12     | Offered knowledge of Sticky Flame by Vehumet.
 16348 | D:12     | Killed Gastronok
 16552 | D:12     | Found a staircase to the Orcish Mines.
 16857 | D:12     | Killed from afar by Frances

Illustrated notes

Levels and vault maps discovered:
D:1:      lightli_arrival_lavapool, layout_basic
D:2:      layout_basic, yredelemnul_altar_generic, minmay_puff
D:3:      layout_loops_cross, uniq_grinder, uniq_robin
D:4:      layout_loops_cross, gammafunk_ghost_gnarly_gnolls, xom_teletrap_fun
D:5:      layout_rooms
D:6:      layout_basic, nzn_hepliaklqana_mist_gate, grunt_decor_one_mirror,
          uniq_prince_ribbit1
D:7:      layout_basic, nicolae_tso_swordbearing_angel, marbit_many_paths,
          minmay_temple_entry_offerings, gammafunk_ghost_grave, hex_tiny,
          minmay_misc_feat_rows, chequers_jeans, nrook_mini_backslash,
          kennysheep_small_spiral
D:8:      layout_layer_cave, gammafunk_ghost_arena, basic_altar
D:9:      layout_basic, grunt_gozag_breadcrumbs,
          chequers_temple_overflow_statue_of_worship
D:10:     layout_roguey, gammafunk_ghost_berserking_beasts, lightli_wizard_tower
D:11:     layout_basic, david_lair_generic, basic_altar, uniq_josephine,
          uniq_sonja, uniq_maurice, uniq_erolcha, uniq_snorg
D:12:     layout_stronghold, david_orc_4, gammafunk_ghost_smash, serial_shops,
          nicolae_shop_crystal, dk_noncrumbling_2, drop_trap, led_sif_book,
          uniq_frances, uniq_gastronok
Temple:   regret_index_temple_generic_petals

Skill      XL: |  1  2  3  4  5  6  7  8  9 10 11 12 13 |
---------------+----------------------------------------+-----
Earth Magic    | 4 5 6 7 8 9 10 11 | 11.3
Conjurations   | 1 3 4 5 6 7 8 9 |  9.6
Spellcasting   | 3 4 5 6 7 8 |  8.6
Fighting       | 1 2 4 5 6 7 8 |  8.5
Maces & Flails | 1 3 5 6 8 10 | 10.7
Armour         | 1 2 4 5 6 |  6.0
Dodging        | 2 3 4 5 6 |  6.6
Evocations     | 2 3 4 5 6 |  6.9
Stealth        | |  2.1
Transmutations | |  0.7

Action                   |  1- 3 |  4- 6 |  7- 9 | 10-12 | 13-15 || total
-------------------------+-------+-------+-------+-------+-------++-------
Melee: Club              |    12 |       |       |       |       ||    12
       Short sword       |    17 |       |       |       |       ||    17
       Spear             |       |   163 |   118 |       |       ||   281
       Dagger            |       |       |    44 |       |       ||    44
       Trident           |       |       |   167 |   398 |    80 ||   645
       Kick              |       |       |    30 |   116 |    27 ||   173
Throw: Throwing net      |       |       |       |       |     2 ||     2
 Cast: Sandblast         |    24 |    27 |    23 |    18 |     1 ||    93
       Lee's Rapid Decon |       |       |    12 |    32 |     6 ||    50
       Stone Arrow       |       |       |     4 |     7 |       ||    11
Evoke: Wand              |       |       |     2 |     9 |       ||    11
  Use: Scroll            |     4 |     6 |     7 |    10 |     5 ||    32
       Potion            |     2 |     2 |     2 |     4 |     3 ||    13
 Stab: Sleeping          |       |     5 |     7 |    14 |     1 ||    27
       Distracted        |       |       |     1 |       |       ||     1
Armor: Robe              |    22 |    68 |   150 |    22 |       ||   262
       Leather armour    |       |       |       |   272 |    23 ||   295
Dodge: Dodged            |    55 |    87 |   263 |   408 |    30 ||   843

Table legend: (Time is in decaauts)
 A = Elapsed time spent in this place.
 B = Non-inter-level travel time spent in this place.
 C = Inter-level travel time spent in this place.
 D = Time resting spent in this place.
 E = Time spent auto-exploring this place.
 F = Levels seen in this place.
 G = Mean time per level.
                   A        B        C        D        E       F      G
               +--------+--------+--------+--------+--------+-----+--------+
         Total |  17083 |  16382 |    701 |   3706 |   9325 |  13 | 1314.1 |
       Dungeon |  16823 |  16161 |    662 |   3706 |   9130 |  12 | 1401.9 |
        Temple |    260 |    221 |     39 |      0 |    195 |   1 |  260.0 |
               +--------+--------+--------+--------+--------+-----+--------+

Top non-repeatable levels by time:
    D:11: 2535 daAuts
    D:12: 2385 daAuts
     D:4: 1765 daAuts
    D:10: 1344 daAuts
     D:7: 1343 daAuts
     D:8: 1246 daAuts
     D:2: 1120 daAuts
     D:5: 1115 daAuts
     D:1: 1096 daAuts
     D:6: 1039 daAuts
     D:3: 992 daAuts
     D:9: 840 daAuts
  Temple: 260 daAuts
